 Dungeon Crawl Stone Soup version 0.30.1 (webtiles) character file.

Game seed: 16842137158112920269

51 Graphine the Ruffian (level 3, -1/43 HPs)
             Began as a Draconian Transmuter on July 9, 2023.
             Slain by a gnoll
             ... wielding a +0 halberd
              (9 damage)
             ... on level 3 of the Dungeon.
             The game lasted 00:04:02 (1927 turns).

Graphine the Ruffian (Draconian Transmuter)         Turns: 1927, Time: 00:04:03

Health: -1/43      AC: 21    Str: 12    XL:     3   Next: 57%
Magic:  4/6        EV:  2    Int: 15    God:
Gold:   97         SH:  0    Dex: 11    Spells: 3/6 levels left

rFire   . .          .
                       - Unarmed
rCold   + . .        (no shield)
rNeg    . . .        (body armour unavailable)
rPois   +            (helmet currently unavailable)
rElec   .            (cloak currently unavailable)
rCorr   .            (gloves currently unavailable)
SInv    .            (boots currently unavailable)
Will    .....        (no amulet)
Stlth   +            e - ring of protection from cold
HPRegen 0.27/turn    (no ring)
MPRegen 0.10/turn

%: no passive effects
@: tree-form, wereblooded
A: stationary, stasis, torment immunity, boosted hp, AC +5, unfitting armour,
(cold-blooded)
a: no special abilities


You were on level 3 of the Dungeon.
You were a tree.
You visited 1 branch of the dungeon, and saw 3 of its levels.

You collected 97 gold pieces.

Inventory:

Jewellery
 e - a ring of protection from cold (left branch)
Scrolls
 c - a scroll of noise
 f - a scroll of identify
 h - a scroll of teleportation
 i - a scroll of magic mapping
Potions
 b - a potion of attraction
 d - a potion of mutation
 g - a potion of haste


   Skills:
 + Level 1.7 Fighting
 + Level 2.1 Dodging
 + Level 3.3 Unarmed Combat
 + Level 2.3 Spellcasting
 + Level 2.5 Transmutations
 + Level 1.1 Ice Magic


You had 3 spell levels left.
You knew the following spells:

 Your Spells              Type           Power      Damage    Failure   Level
a - Beastly Appendage     Tmut           18%        N/A       8%          1
b - Wereblood             Tmut           9%         N/A       12%         2

Your spell library contained the following spells:

 Spells                   Type           Power      Damage    Failure   Level
 Lesser Beckoning         Tloc           2%         N/A       32%         2
 Spider Form              Tmut/Pois      5%         N/A       36%         3
 Ice Form                 Ice/Tmut       7%         N/A       71%         4
 Iskenderun's Mystic Bla  Conj/Tloc      1%         2d3       91%         4
 Iskenderun's Battlesphe  Conj           1%         2d6       99%         5
 Chain Lightning          Conj/Air       0%         2d1       100%        9


Dungeon Overview and Level Annotations

Branches:
Dungeon (3/15)

Altars:

Shops:
D:1 :


Innate Abilities, Weirdness & Mutations

You are a tree.
Your roots penetrate the ground, keeping you stationary.
You cannot be teleported.
You are immune to unholy pain and torment.
Your maximum health is greatly increased.
Your equipment is partially melded.
((Your plain brown scales are hard. (AC +5)))
You cannot fit into any form of body armour.
((You are cold-blooded and may be slowed by cold attacks.))


Message History

As you read the scroll of identify, it crumbles to dust.
b - a potion of attraction You climb downwards.
There is a stone staircase leading up here.
A gnoll comes into view. It is wielding a +0 club.
The gnoll shouts!
You hear a shout!
Really read the scroll of noise?
As you read the scroll of noise, it crumbles to dust.
You hear a loud clanging noise!
You hear a shout!
You hear an angry hiss.
Casting: Beastly Appendage (safe; 8% risk of failure)
Confirm with . or Enter, or press ? or * to list all spells.
You grow a pair of large bovine horns.
Your feet morph into talons.
Casting: Beastly Appendage (safe; 8% risk of failure)
Confirm with . or Enter, or press ? or * to list all spells.
Your blood is infused with primal strength.
The gnoll barely misses you.
You closely miss the gnoll. Your headbutt misses the gnoll. You hit the gnoll.
Your kick misses the gnoll. You headbutt the gnoll.
The gnoll is heavily wounded.
The gnoll misses you.
You hit the gnoll but do no damage. You headbutt the gnoll!
You kill the gnoll!
You see here a +0 club.
Unknown command.
A gnoll comes into view. It is wielding a +0 flail.
A gnoll and an adder come into view.
The gnoll shouts! x2; The adder hisses angrily.
Your transformation is almost over.
The gnoll hits you with a +0 halberd!
You barely miss the gnoll. The gnoll hits you with a +0 halberd.
You hit the gnoll but do no damage. You headbutt the gnoll.
Your tail-slap misses the gnoll.
The gnoll is lightly wounded.
The gnoll hits you with a +0 halberd!
* * * LOW HITPOINT WARNING * * *
Really quaff the potion of lignification?
Your horns disappear.
Your talons disappear.
You turn into a tree.
Your roots penetrate the ground.
The gnoll hits you but does no damage. The gnoll hits you with a +0 halberd!
You die...

.. ... ###
#.. ......
#.#.# ....
###.###
#..g..#
+....#♣#.#
### #g#.#
#S#.#
#.#)#
#.#.#
#.#.#
..#.#
###<# ###


You could see 2 gnolls and an adder.

Vanquished Creatures
  A gnoll (D:3)
  An adder (D:2)
  A worm (D:2)
  4 endoplasms
  A giant cockroach (D:2)
  2 goblins
  3 hobgoblins
  2 kobolds
  A quokka (D:1)
  A ball python (D:1)
  3 bats
  2 frilled lizards (D:1)
  6 rats
28 creatures vanquished.

Notes
Turn   | Place    | Note
-------+----------+-------------------------------------------
     0 | D:1      | Graphine the Draconian Transmuter began the quest for the
                  | Orb.
     0 | D:1      | Reached XP level 1. HP: 16/16 MP: 3/3
   355 | D:1      | Reached XP level 2. HP: 23/23 MP: 3/5
   589 | D:1      | Learned a level 2 spell: Wereblood
   694 | D:1      | Found Wirodeq's Book Emporium.
   746 | D:1      | Got the Writings on the Forceful Singularity
  1073 | D:2      | Reached XP level 3. HP: 28/28 MP: 4/6
  1463 | D:2      | Reached skill level 1 in Ice Magic
  1927 | D:3      | Slain by a gnoll

Illustrated notes

Levels and vault maps discovered:
D:1:      psy_arrival_heroes, layout_basic, serial_shops, shop_fountains,
          serial_corexii_hall, corexii_hall_statues_x, corexii_hall_statues_x,
          chequers_hall_statues_y, corexii_hall_statues_i,
          corexii_hall_statues_l, chequers_hall_statues_corner_a
D:2:      layout_basic, palyth_stone_intersect
D:3:      layout_basic, mainiacjoe_overflow_divided_tiny,
          kennysheep_generic_room_9

Skill      XL: |  1  2  3 |
---------------+----------+-----
Dodging        | 2 |  2.1
Ice Magic      | 1 |  1.1
Fighting       | |  1.7
Unarmed Combat | |  3.3
Spellcasting   | |  2.3
Transmutations | |  2.5

Action                     || total
---------------------------++-------
  Melee: Unarmed           ||    69
         Kick              ||    19
         Tailslap          ||     3
         Headbutt          ||     9
         Punch             ||     1
   Cast: Beastly Appendage ||    22
         Wereblood         ||     2
    Use: Scroll            ||    10
         Potion            ||     1
 Armour: Skin              ||    22
  Dodge: Dodged            ||    47
